 Dungeon Crawl Stone Soup version 0.31-a0-198-g2ad674f65e (webtiles) character file.

Game seed: 2275666927323621299

179 qw the Skirmisher (level 5, -2/29 HPs)
             Began as a Deep Elf Hunter on June 25, 2023.
             Slain by an elf zombie (4 damage)
             ... in an ossuary.
             The game lasted 00:01:09 (3278 turns).

qw the Skirmisher (Deep Elf Hunter)                 Turns: 3278, Time: 00:01:10

Health: -2/29      AC:  7    Str: 10    XL:     5   Next: 33%
Magic:  7/7        EV: 11    Int: 14    God:
Gold:   23         SH:  0    Dex: 18    Spells: 4/4 levels left

rFire   . . .        Y - +0 shortbow
rCold   . . .        (shield currently unavailable)
rNeg    . . .        c - +0 ring mail
rPois   .            f - +2 hat
rElec   .            (no cloak)
rCorr   .            (no gloves)
SInv    .            (no boots)
Will    .....        (no amulet)
Stlth   +            (no ring)
HPRegen 0.24/turn    (no ring)
MPRegen 0.10/turn

%: no passive effects
@: about to teleport
A: no striking features
a: no special abilities


You were in an ossuary.
You visited 1 branch of the dungeon, and saw 4 of its levels.
You also visited: Ossuary.

You collected 88 gold pieces.
You spent 65 gold pieces at shops.


   Skills:
 - Level 1.5 Fighting
 + Level 8.8 Ranged Weapons
 - Level 2.4 Dodging
 - Level 1.2 Stealth


You had 4 spell levels left.
You didn't know any spells.
Your spell library was empty.

Inventory:

Hand Weapons
 Y - a +0 shortbow (weapon)
Armour
 c - a +0 ring mail (worn)
 f - a +2 hat (worn)
Wands
 d - a wand of digging (2)
Scrolls
 a - a scroll of identify
 b - 2 scrolls of teleportation
Potions
 e - a potion of might {unknown}
 i - a potion of enlightenment

Dungeon Overview and Level Annotations

Branches:
Dungeon (4/15)            Ossuary (1/1)
 Temple: D:4-7

Altars:

Shops:
D:3 ?


Message History

The elf zombie hits you. The gnoll zombie closely misses you.
You shoot an arrow. The arrow hits the elf zombie!
The elf zombie is almost destroyed.
You shoot an arrow. The arrow hits the elf zombie.
The elf zombie is almost destroyed.
The elf zombie hits you but does no damage.
The gnoll zombie hits you but does no damage.
You shoot an arrow.
The arrow hits the elf zombie but does no damage.
The elf zombie is almost destroyed.
The elf zombie hits you but does no damage.
The gnoll zombie barely misses you.
You shoot an arrow.
The arrow closely misses the elf zombie.
The elf zombie hits you but does no damage.
The gnoll zombie barely misses you.
You shoot an arrow.
The arrow hits the elf zombie but does no damage.
The elf zombie is almost destroyed.
The elf zombie hits you. The gnoll zombie closely misses you.
You shoot an arrow. The arrow barely misses the elf zombie.
The elf zombie hits you but does no damage.
The gnoll zombie misses you.
You shoot an arrow. The arrow barely misses the elf zombie.
The elf zombie hits you but does no damage.
The gnoll zombie hits you but does no damage.
You shoot an arrow. The arrow barely misses the elf zombie.
The elf zombie hits you but does no damage.
The gnoll zombie closely misses you.
You shoot an arrow. The arrow barely misses the elf zombie.
The elf zombie hits you. The gnoll zombie barely misses you.
3276 ||| READING 3 scrolls of teleportation.
As you read the scroll of teleportation, it crumbles to dust.
You feel strangely unstable.
You shoot an arrow. The arrow barely misses the elf zombie.
The elf zombie hits you. The gnoll zombie closely misses you.
You shoot an arrow. The arrow hits the elf zombie.
The elf zombie is almost destroyed.
The elf zombie hits you.
You die...

#... #...
#..## #..#.
#\.#.. #..#
.#### #..#
...# #\.# #ZZ#
#..# #@.#
#..## #.##
#...###.#
#...#...# .
#...##.## ...
#....#'#.....
#.............
#.............
##############


You could see a gnoll zombie and an elf zombie.

Vanquished Creatures
  A kobold brigand (D:2)
  3 adders (D:2)
  An adder zombie (Ossuary)
  2 worms (D:3)
  A dart slug (D:1)
  6 orcs
  2 ball pythons (D:1)
  5 endoplasms
  2 giant cockroaches (D:1)
  7 goblins
  3 hobgoblins
  7 jackals (D:2)
  3 quokkas
  4 bats
  4 frilled lizards
  A goblin zombie (Ossuary)
  3 hobgoblin zombies (Ossuary)
  A jackal zombie (Ossuary)
  4 kobolds
  A quokka zombie (Ossuary)
  5 rats
  3 rat zombies (Ossuary)
69 creatures vanquished.

Notes
Turn   | Place    | Note
-------+----------+-------------------------------------------
     0 | D:1      | qw the Deep Elf Hunter began the quest for the Orb.
     0 | D:1      | Reached XP level 1. HP: 12/12 MP: 3/3
     0 | D:1      | 0 ||| qw: Version: 0.3-a-22-g0ed2b0b
     0 | D:1      | 0 ||| qw: Game counter: 5399
     0 | D:1      | 0 ||| qw: Melee chars always use a shield: true
     0 | D:1      | 0 ||| qw: God list: Okawaru
     0 | D:1      | 0 ||| qw: Allow faded altars: false
     0 | D:1      | 0 ||| qw: Do Orc after clearing Dungeon:15 true
     0 | D:1      | 0 ||| qw: Do second Lair branch before Depths: true
     0 | D:1      | 0 ||| qw: Lair rune preference: random
     0 | D:1      | 0 ||| qw: Goals: Normal
     0 | D:1      | 0 ||| PLANNING D:1-11
   103 | D:1      | Reached skill level 6 in Ranged Weapons
   103 | D:1      | Reached XP level 2. HP: 16/16 MP: 4/4
   499 | D:1      | 499 ||| UPGRADING to +0 scale mail.
   509 | D:1      | 509 ||| DROPPING +0 leather armour.
   510 | D:1      | 510 ||| UPGRADING to +2 hat.
   515 | D:1      | 515 ||| READING scroll labelled JASAV LOGIJA.
   516 | D:1      | 516 ||| READING scroll labelled UTUAHIFAOGE.
   517 | D:1      | 517 ||| READING scroll labelled VOZXONU TAUZA.
   518 | D:1      | 518 ||| DROPPING scroll of butterflies.
   549 | D:2      | 549 ||| STAIRDANCE
   612 | D:2      | Found a faded altar of an unknown god.
   636 | D:2      | Reached XP level 3. HP: 18/20 MP: 5/5
   753 | D:2      | Reached skill level 7 in Ranged Weapons
   865 | D:2      | HP: 5/20 [poisoned by an adder]
  1007 | D:2      | Reached XP level 4. HP: 11/25 MP: 6/6
  1590 | D:2      | 1590 ||| UPGRADING to +0 ring mail.
  1600 | D:2      | 1600 ||| DROPPING +0 scale mail.
  1601 | D:2      | 1601 ||| READING scroll labelled SOCKUINEAM.
  1602 | D:2      | 1602 ||| READING scroll labelled BOLYL WOBUM.
  1606 | D:2      | 1606 ||| READING 3 scrolls labelled LAMAAS KIDAO.
  1607 | D:2      | 1607 ||| READING scroll labelled ZOOCAQ HEECSIU.
  1608 | D:2      | 1608 ||| DRINKING 2 sapphire potions.
  1609 | D:2      | 1609 ||| DROPPING 2 scrolls of poison.
  1611 | D:2      | 1611 ||| Stepping ~*~*~tactically~*~*~ (cloud).
  1612 | D:2      | 1612 ||| DRINKING potion of curing.
  1612 | D:2      | 1612 ||| (to cure poison)
  2008 | D:3      | Found Iqomyag's Magic Scroll Shop.
  2016 | D:3      | 2016 ||| SHOPLISTING scroll of enchant armour (97 gold,
                  | have 77).
  2016 | D:3      | 2016 ||| SHOPLISTING scroll of enchant weapon (97 gold,
                  | have 77).
  2016 | D:3      | 2016 ||| BUYING scroll of identify (26 gold).
  2016 | D:3      | Bought a scroll of identify for 26 gold pieces
  2016 | D:3      | 2016 ||| BUYING scroll of teleportation (39 gold).
  2016 | D:3      | Bought a scroll of teleportation for 39 gold pieces
  2425 | D:3      | Noticed a kobold brigand
  2429 | D:3      | 2429 ||| FLEEEEING.
  2430 | D:3      | 2430 ||| FLEEEEING.
  2431 | D:3      | 2431 ||| FLEEEEING.
  2432 | D:3      | 2432 ||| FLEEEEING.
  2433 | D:3      | 2433 ||| FLEEEEING.
  2439 | D:3      | 2439 ||| FLEEEEING.
  2440 | D:3      | 2440 ||| FLEEEEING.
  2441 | D:3      | 2441 ||| FLEEEEING.
  2442 | D:3      | 2442 ||| FLEEEEING.
  2443 | D:3      | 2443 ||| FLEEEEING.
  2444 | D:3      | 2444 ||| FLEEEEING.
  2445 | D:3      | 2445 ||| FLEEEEING.
  2446 | D:3      | 2446 ||| FLEEEEING.
  2447 | D:3      | 2447 ||| FLEEEEING.
  2448 | D:3      | 2448 ||| FLEEEEING.
  2449 | D:3      | 2449 ||| FLEEEEING.
  2450 | D:3      | 2450 ||| FLEEEEING.
  2451 | D:3      | 2451 ||| FLEEEEING.
  2452 | D:3      | 2452 ||| FLEEEEING.
  2453 | D:3      | 2453 ||| FLEEEEING.
  2454 | D:3      | 2454 ||| FLEEEEING.
  2455 | D:3      | 2455 ||| FLEEEEING.
  2456 | D:3      | 2456 ||| FLEEEEING.
  2457 | D:3      | 2457 ||| FLEEEEING.
  2458 | D:3      | 2458 ||| FLEEEEING.
  2459 | D:3      | 2459 ||| FLEEEEING.
  2460 | D:3      | 2460 ||| FLEEEEING.
  2461 | D:3      | 2461 ||| FLEEEEING.
  2462 | D:3      | 2462 ||| FLEEEEING.
  2463 | D:3      | 2463 ||| FLEEEEING.
  2469 | D:3      | 2469 ||| FLEEEEING.
  2472 | D:3      | 2472 ||| FLEEEEING.
  2473 | D:3      | 2473 ||| FLEEEEING.
  2474 | D:3      | 2474 ||| FLEEEEING.
  2480 | D:3      | 2480 ||| FLEEEEING.
  2481 | D:3      | 2481 ||| FLEEEEING.
  2482 | D:3      | 2482 ||| FLEEEEING.
  2483 | D:3      | 2483 ||| STAIRDANCE
  2496 | D:2      | 2496 ||| READING 3 scrolls of identify.
  2496 | D:2      | 2496 ||| IDENTIFYING viscous black potion
  2497 | D:2      | 2497 ||| READING 2 scrolls of identify.
  2497 | D:2      | 2497 ||| IDENTIFYING glowing brown potion
  2498 | D:2      | 2498 ||| DROPPING potion of berserk rage.
  2502 | D:3      | 2502 ||| STAIRDANCE
  2595 | D:3      | 2595 ||| STAIRDANCE
  2601 | D:2      | Killed a kobold brigand
  2602 | D:2      | Reached skill level 8 in Ranged Weapons
  2602 | D:2      | Reached XP level 5. HP: 15/29 MP: 7/7
  2945 | D:4      | 2945 ||| PLANNING OSSUARY
  3188 | D:4      | Found a sand-covered staircase.
  3198 | Ossuary  | Entered an ossuary
  3275 | Ossuary  | HP: 5/29 [elf zombie (5)]
  3276 | Ossuary  | 3276 ||| READING 3 scrolls of teleportation.
  3277 | Ossuary  | HP: 2/29 [elf zombie (4)]
  3278 | Ossuary  | Slain by an elf zombie

Levels and vault maps discovered:
D:1:      dpeg_arrival_more_subterranean_lakeside_camping, layout_rooms,
          moated_statue
D:2:      layout_loops_corners, ebering_ecumenical_altar_mist
D:3:      layout_basic, serial_shops,
          nicolae_shop_temple_entry_statues_fountains, serial_forest,
          infiniplex_forest_corner_1, infiniplex_forest_lined_2,
          infiniplex_forest_lined_ring, infiniplex_forest_end_2,
          infiniplex_forest_clump_large, infiniplex_forest_lined_2,
          infiniplex_forest_lined_2, infiniplex_forest_end_3,
          infiniplex_forest_lined_room_, infiniplex_forest_clump_curved
D:4:      layout_basic, nicolae_ossuary_entry_ruins, minmay_cupped
Ossuary:  minmay_ossuary_two_tombs

Skill      XL: |  1  2  3  4 |
---------------+-------------+-----
Ranged Weapons | 6 7 8 |  8.8
Fighting       | |  1.5
Dodging        | |  2.4
Stealth        | |  1.2

Action                     |  1- 3 |  4- 6 || total
---------------------------+-------+-------++-------
   Fire: Shortbow          |    89 |   141 ||   230
    Use: Scroll            |     3 |     7 ||    10
         Potion            |       |     2 ||     2
 Armour: Scale mail        |    30 |    23 ||    53
         Leather armour    |     1 |       ||     1
         Ring mail         |       |    24 ||    24
  Dodge: Dodged            |    22 |    42 ||    64

Table legend:
 A = Non-vault XP
 B = Vault XP
 C = Vault XP percentage of total XP
 D = Non-vault monster count
 E = Vault monster count
 F = Vault count percentage of total count
                 A         B        C        D         E       F
            +---------+---------+-------+---------+---------+-------
      Total |     238 |      19 |   7.4 |      57 |      12 |  17.4
            +---------+---------+-------+---------+---------+-------
        D:1 |      27 |       0 |   0.0 |      15 |       0 |   0.0
        D:2 |     184 |       0 |   0.0 |      28 |       0 |   0.0
        D:3 |      17 |       0 |   0.0 |       8 |       0 |   0.0
        D:4 |      10 |       4 |  28.6 |       6 |       2 |  25.0
    Ossuary |       0 |      15 | 100.0 |       0 |      10 | 100.0
            +---------+---------+-------+---------+---------+-------
